 Dungeon Crawl Stone Soup version 0.19-a0-1922-g1e9a4c1 (webtiles) character file.

914 TheGoonsmith the Reanimator (level 7, 46/46 HPs)
             Began as a Demonspawn Necromancer on Oct 24, 2016.
             Was a Follower of Sif Muna.
             Quit the game on level 4 of the Dungeon.
             The game lasted 00:08:20 (4722 turns).

TheGoonsmith the Reanimator (DsNe)                  Turns: 4722, Time: 00:08:21

Health: 46/46      AC:  8    Str:  9    XL:     7   Next: 82%
Magic:  14/14      EV: 11    Int: 18    God:    Sif Muna [*.....]
Gold:   172        SH:  0    Dex: 13    Spells: 3 memorised, 10 levels left

rFire  + . .     SeeInvis .     x - +0 short sword (drain)
rCold  + . .     Gourm    .     r - +0 mottled dragon scales
rNeg   . . .     Faith    .     (no shield)
rPois  .         Spirit   +     (no helmet)
rElec  .         Reflect  .     (no cloak)
rCorr  .         Harm     .     (no gloves)
MR     .....                    (no boots)
Stlth  +.........               (no amulet)
                                (no ring)
                                l - ring of protection from fire

@: no status effects
A: claws 1, yellow scales 1, cold resistance 1, magic shield, freezing cloud
immunity
a: Divine Energy, Renounce Religion


You were on level 4 of the Dungeon.
You worshipped Sif Muna.
Sif Muna was aware of your devotion.
You were not hungry.

You visited 1 branch of the dungeon, and saw 4 of its levels.

You collected 172 gold pieces.

Inventory:

Hand Weapons
 e - a +0 dagger
 x - a +0 short sword of draining (weapon)
Missiles
 o - 8 tomahawks (quivered)
Armour
 a - a +0 robe
 r - +0 mottled dragon scales (worn)
Jewellery
 l - a ring of protection from fire (left claw)
Wands
 z - a wand of iceblast (0/15)
Scrolls
 g - 2 scrolls of teleportation
 j - 2 scrolls of remove curse {unknown}
 k - a scroll of amnesia {unknown}
 m - a scroll of fog {unknown}
 q - 2 scrolls of immolation {unknown}
 y - a scroll of random uselessness {unknown}
Potions
 h - a potion of cancellation
 n - a potion of curing
 p - a potion of agility {unknown}
 s - 2 potions of ambrosia
 t - a potion of might {unknown}
 v - a potion of berserk rage {unknown}
Books
 b - a book of Necromancy

   Spells                             Type                      Level
   a - Pain                           Necromancy                   1
   b - Animate Skeleton               Necromancy                   1
   c - Vampiric Draining              Necromancy                   3
   d - Regeneration                   Charms/Necromancy            3
   e - Animate Dead                   Necromancy                   4
   f - Control Undead                 Necromancy                   4
 w - a book of Minor Magic

   Spells                             Type                      Level
   a - Magic Dart                     Conjuration                  1
   b - Blink                          Translocation                2
   c - Call Imp                       Summoning                    2
   d - Repel Missiles                 Charms/Air                   2
   e - Slow                           Hexes                        2
   f - Conjure Flame                  Conjuration/Fire             3
   g - Mephitic Cloud                 Conjuration/Poison/Air       3
Comestibles
 c - 2 bread rations
 d - a meat ration
 f - a fruit
 i - 2 beef jerkies
 u - 9 chunks of flesh


   Skills:
 - Level 1.7 Dodging
 - Level 1.7 Stealth
 + Level 5.1 Spellcasting
 * Level 9.2 Necromancy


You had 10 spell levels left.
You knew the following spells:

 Your Spells              Type           Power        Failure   Level  Hunger
a - Pain                  Necr           ####         1%          1    None
r - Repel Missiles        Chrm/Air       #.....       38%         2    #......
x - Vampiric Draining     Necr           #####.....   1%          3    ##.....


Dungeon Overview and Level Annotations

Branches:
Dungeon (4/15)
 Temple: D:4-7

Altars:
Fedhas
Gozag
Ru
Sif Muna


Innate Abilities, Weirdness & Mutations

You have sharp fingernails.
You are partially covered in yellow scales. (AC +2)
Your flesh is cold resistant. (rC+)
When hurt, damage is shared between your health and your magic reserves.
You are immune to freezing clouds.


Message History

Sif Muna accepts your kill.
You can now request divine energy to cast spells with insufficient magic.
Your Spellcasting skill increases to level 5!
You feel life coursing into your body.
The adder skeleton bites the bush but does no damage.
Something bites the bush but does no damage.
g - 2 scrolls of teleportation (gained 1)
Things that are here:
an uncursed shortbow; 8 arrows Something bites the bush.
The adder skeleton bites the bush but does no damage.
Something bites the bush.
You start resting.
Some of the chunks of flesh in your inventory have rotted away.
You start resting.
Magic restored.
You start resting.
HP restored.
Okay, then.
Are you sure you want to abandon this character and quit the game? (Confirm with "yes".)

##.....).#
#...PPP.###.#.#
...##...## #..PP..Z#
#....###### #######.#
#)PPZPP.##...........
#.#
#.PPP.P.....c....####
#.#
#..PPPP..#........###
#.#
#.............##.....
#.# ###.##.###.# .#
.#### #.# #.##.#
#.@..# ####.# .# .#
.# .# .# ##...# #. ..
#..... #... ..♣..


There were no monsters in sight!

Vanquished Creatures
  Sigmund (D:4)
  2 ogres (D:4)
  The ghost of Jraekied the Vandal, an amateur DsHu of Lugonu (D:3)
  A centaur (D:4)
  A howler monkey (D:3)
  A hound (D:3)
  3 orc wizards (D:3)
  2 worker ants
  A hound skeleton (D:4)
  8 gnolls
  5 adders
  2 worms (D:2)
  3 dart slugs
  6 leopard geckos
  2 orcs
  11 bats
  3 giant cockroaches
  9 goblins
  5 hobgoblins
  5 jackals (D:4)
  6 kobolds
  3 quokkas (D:4)
  12 frilled lizards
  A leopard gecko skeleton (D:4)
  5 rats
99 creatures vanquished.

Notes
Turn   | Place    | Note
-------+----------+-------------------------------------------
     0 | D:1      | TheGoonsmith the Demonspawn Necromancer began the quest for the Orb.
     0 | D:1      | Reached XP level 1. HP: 13/13 MP: 3/3
   443 | D:1      | Gained mutation: You are partially covered in yellow scales. (AC +2) [demonic ancestry]
   443 | D:1      | Reached XP level 2. HP: 8/19 MP: 0/5
   850 | D:1      | Reached skill level 5 in Necromancy
  1168 | D:1      | Gained mutation: Your flesh is cold resistant. (rC+) [demonic ancestry]
  1168 | D:1      | Reached XP level 3. HP: 19/24 MP: 0/6
  1431 | D:2      | Learned a level 3 spell: Vampiric Draining
  1442 | D:2      | Found an opulent altar of Gozag.
  2090 | D:2      | Reached XP level 4. HP: 24/30 MP: 3/8
  2539 | D:3      | Noticed Jraekied's ghost (amateur DsHu)
  2708 | D:3      | Reached skill level 6 in Necromancy
  2717 | D:2      | Gained mutation: You are immune to freezing clouds. [demonic ancestry]
  2717 | D:2      | Reached XP level 5. HP: 26/35 MP: 0/9
  2858 | D:3      | Found a sacrificial altar of Ru.
  3216 | D:4      | Noticed an ogre
  3218 | D:4      | Noticed an ogre
  3339 | D:4      | Found a deep blue altar of Sif Muna.
  3340 | D:4      | Noticed Sigmund
  3348 | D:4      | Killed Sigmund
  3348 | D:4      | Reached skill level 7 in Necromancy
  3348 | D:4      | Gained mutation: When hurt, damage is shared between your health and your magic reserves. [demonic ancestry]
  3348 | D:4      | Reached XP level 6. HP: 36/41 MP: 5/12
  3404 | D:4      | Became a worshipper of Sif Muna the Loreminder
  3408 | D:4      | Learned a level 2 spell: Repel Missiles
  3672 | D:4      | Reached skill level 8 in Necromancy
  3672 | D:4      | Gained mutation: You have sharp fingernails. [demonic ancestry]
  3672 | D:4      | Reached XP level 7. HP: 6/46 MP: 1/13
  3955 | D:3      | Killed Jraekied's ghost
  4537 | D:4      | Found a blossoming altar of Fedhas.
  4538 | D:4      | Reached skill level 9 in Necromancy
  4584 | D:4      | Reached * piety under Sif Muna
  4584 | D:4      | Reached skill level 5 in Spellcasting
  4722 | D:4      | Quit the game

Vault maps used:
D:1:      minmay_arrival_checkered_box, minmay_misc_feat_pillars
D:2:      lemuel_crystal_altar, serial_bayou_pond_a, hangedman_feature_mirror
D:3:      nicolae_ru_great_annihilating_truth
D:4:      old_standard_altar, first_bread, grunt_ministairs_15,
          fedhas_bush_and_centaur_altar, uniq_sigmund

Skill      XL: |  1  2  3  4  5  6  7 |
---------------+----------------------+-----
Necromancy     | 5 6 7 8 9 |  9.2
Spellcasting   | 3 4 5 |  5.1
Dodging        | |  1.7
Stealth        | |  1.7

Action                   |  1- 3 |  4- 6 |  7- 9 || total
-------------------------+-------+-------+-------++-------
Melee: Unarmed           |    19 |       |       ||    19
       Dagger            |    18 |     4 |       ||    22
       Short sword       |       |    28 |     8 ||    36
 Cast: Pain              |    76 |    84 |    45 ||   205
       Repel Missiles    |       |     1 |       ||     1
       Vampiric Draining |       |       |     1 ||     1
Evoke: Wand              |       |       |     3 ||     3
  Use: Potion            |       |     1 |       ||     1
       Scroll            |       |       |     3 ||     3
 Stab: Sleeping          |       |     1 |       ||     1
  Eat: Chunk             |     4 |     5 |     3 ||    12
Armor: Robe              |     9 |       |       ||     9
       Mottled dragon sc |       |    27 |     7 ||    34
Dodge: Dodged            |    39 |    53 |    11 ||   103
       Deflected         |       |       |     1 ||     1
